 Dungeon Crawl Stone Soup version 0.27.1-34-g3ba077fa99 (webtiles) character file.

Game seed: 9024291103792750242

5 infcreate the Shield-Bearer (level 1, 14/14 HPs)
             Began as a Gargoyle Fighter on Nov 12, 2021.
             Quit the game on level 1 of the Dungeon on Jan 1, 2022.
             The game lasted 00:00:29 (77 turns).

infcreate the Shield-Bearer (Gargoyle Fighter)        Turns: 77, Time: 00:00:29

Health: 14/14      AC:  9    Str: 19    XL:     1   Next: 80%
Magic:  1/1        EV:  7    Int:  8    God:
Gold:   0          SH:  9    Dex:  9    Spells: 0/0 levels left

rFire    . . .     SeeInvis .   a - +0 flail
rCold    . . .     Faith    .   c - +0 kite shield
rNeg     + . .     Spirit   .   b - +0 scale mail
rPois    ∞         Reflect  .   (no helmet)
rElec    +         Harm     .   (no cloak)
rCorr    .         Rampage  .   (no gloves)
Will     .....                  (no boots)
Stlth    ..........             (no amulet)
HPRegen  0.04/turn              (no ring)
MPRegen  0.07/turn              (no ring)

@: no status effects
A: sickness immunity, AC +2, negative energy resistance 1, electricity
resistance, torment resistance 1, petrification resistance
a: no special abilities


You were on level 1 of the Dungeon.
You visited 1 branch of the dungeon, and saw 1 of its levels.


Innate Abilities, Weirdness & Mutations

You are immune to sickness and miasma.
Your stone body is resilient. (AC +2)
You are immune to poison.
You resist negative energy. (rN+)
You are resistant to electric shocks. (rElec)
You are resistant to unholy torment.
You are immune to petrification.


   Skills:
 + Level 3.4 Fighting
 + Level 2.1 Maces & Flails
 + Level 3.4 Armour
 + Level 3.4 Shields


You couldn't memorise any spells.
You didn't know any spells.
Your spell library was empty.

Inventory:

Hand Weapons
 a - a +0 flail (weapon)
Armour
 b - a +0 scale mail (worn)
 c - a +0 kite shield (worn)
Scrolls
 e - a scroll of summoning {unknown}
Potions
 d - a potion of might

Dungeon Overview and Level Annotations

Branches:
Dungeon (1/15)

Altars:

.## w. #.. ... #.#
#.####.# #####
.##...#..##..... ♣.
...............
...###.....$.......
............@#
.............# ..
.............# ..
#........>..##
.###......)#†..# ..
..#.........##.# ...
...........# .# #..
#...#..##.# ..
###.###.###..#.#....


You could see a dart slug (wandering).


Message History

You see here a rat corpse.
The hobgoblin hits you.
You thump the hobgoblin!
You kill the hobgoblin!
A rat comes into view.
A goblin comes into view. It is wielding a +0 club.
A bat comes into view.
You sock the rat!
You kill the rat!
You block the bat's attack. You block the bat's attack.
You block the bat's attack.
You see here a rat corpse.
The bat hits you but does no damage.
You thump the goblin!
You kill the goblin!
The bat closely misses you.
You hit the bat.
You kill the bat!
No target in view!
HP restored.
Things that are here:
a +0 club; a bat corpse
There is a stone staircase leading down here.
Found 18 gold pieces.
A dart slug comes into view.
Welcome back, infcreate the Gargoyle Fighter.
Press ? for a list of commands and other information.
Clearing level map.
Are you sure you want to abandon this character and quit the game? (Confirm with "yes".)

Action                   || total
-------------------------++-------
Melee: Flail             ||     6
Armor: Scale mail        ||     2
Dodge: Dodged            ||     1
Block: Kite shield       ||     3

Levels and vault maps discovered:
D:1:      minmay_arrival_five_plusses, layout_rooms, serial_forest,
          infiniplex_forest_lined_3_way, infiniplex_forest_corner_1,
          infiniplex_forest_zigzag_1, infiniplex_forest_3_way,
          infiniplex_forest_lined_room_, hellmonk_ecumenical_altar_crossroads

Notes
Turn   | Place    | Note
-------+----------+-------------------------------------------
     0 | D:1      | infcreate the Gargoyle Fighter began the quest for the Orb.
     0 | D:1      | Reached XP level 1. HP: 14/14 MP: 1/1
    77 | D:1      | Upgraded the game from 0.27.1-4-g1640c2035a to
                  | 0.27.1-34-g3ba077fa99
    77 | D:1      | Quit the game

Vanquished Creatures
  A bat (D:1)
  A goblin (D:1)
  A hobgoblin (D:1)
  2 rats (D:1)
5 creatures vanquished.

Table legend: (Time is in decaauts)
 A = Elapsed time spent in this place.
 B = Non-inter-level travel time spent in this place.
 C = Inter-level travel time spent in this place.
 D = Time resting spent in this place.
 E = Time spent auto-exploring this place.
 F = Levels seen in this place.
 G = Mean time per level.
                   A        B        C        D        E       F      G
               +--------+--------+--------+--------+--------+-----+--------+
         Total |     80 |     80 |      0 |      0 |     40 |   1 |   80.0 |
       Dungeon |     80 |     80 |      0 |      0 |     40 |   1 |   80.0 |
               +--------+--------+--------+--------+--------+-----+--------+

Top non-repeatable levels by time:
     D:1: 80 daAuts

Table legend:
 A = Non-vault XP
 B = Vault XP
 C = Vault XP percentage of total XP
 D = Non-vault monster count
 E = Vault monster count
 F = Vault count percentage of total count
                 A         B        C        D         E       F
            +---------+---------+-------+---------+---------+-------
      Total |       8 |       0 |   0.0 |       5 |       0 |   0.0
            +---------+---------+-------+---------+---------+-------
        D:1 |       8 |       0 |   0.0 |       5 |       0 |   0.0
            +---------+---------+-------+---------+---------+-------
